 Dungeon Crawl Stone Soup version 0.31-a0-801-gc67433417a (webtiles) character file.

Game seed: 6933902455004147688

51 Ivernyr the Slasher (level 3, -3/18 HPs)
             Began as a Vine Stalker Gladiator on Sept 20, 2023.
             Slain by an orc priest
             ... wielding a +0 hand axe
              (4 damage)
             ... on level 2 of the Dungeon.
             The game lasted 00:01:42 (825 turns).

Ivernyr the Slasher (Vine Stalker Gladiator)         Turns: 825, Time: 00:01:42

Health: -3/18      AC:  4    Str: 16    XL:     3   Next: 81%
Magic:  0/4        EV: 12    Int:  8    God:
Gold:   62         SH:  0    Dex: 17    Spells: 2/2 levels left

rFire   . . .        a - +0 long sword
rCold   . . .        (no shield)
rNeg    . . .        b - +0 leather armour
rPois   .            c - +0 helmet
rElec   .            (no cloak)
rCorr   .            (no gloves)
SInv    .            (no boots)
Will    .....        (no amulet)
Stlth   +            (no ring)
HPRegen 1.03/turn    (no ring)
MPRegen 0.09/turn

%: guardian spirit
@: no status effects
A: fangs 2, regeneration 1, magic shield, antimagic bite, no potion heal 2
a: no special abilities


You were on level 2 of the Dungeon.
You visited 1 branch of the dungeon, and saw 2 of its levels.

You collected 62 gold pieces.

Inventory:

Hand Weapons
 a - a +0 long sword (weapon)
Missiles
 d - 3 throwing nets (quivered)
 e - a javelin
Armour
 b - a +0 leather armour (worn)
 c - a +0 helmet (worn)
Scrolls
 g - a scroll of teleportation {unknown}
 k - a scroll of enchant armour {unknown}
Potions
 f - 2 potions of attraction {unknown}
 h - a potion of haste {unknown}
 i - 3 potions of heal wounds {unknown}
 j - 2 potions of brilliance {unknown}
 l - 2 potions of curing {unknown}
 m - a potion of enlightenment {unknown}


   Skills:
 + Level 2.2 Fighting
 * Level 3.3 Long Blades
 - Level 1.7 Throwing
 + Level 1.0 Armour
 + Level 2.7 Dodging


You had 2 spell levels left.
You didn't know any spells.
Your spell library was empty.

Dungeon Overview and Level Annotations

Branches:
Dungeon (2/15)

Altars:


Innate Abilities, Weirdness & Mutations

You have extremely sharp teeth.
Your natural rate of healing is unusually fast.
When hurt, damage is shared between your health and your magic reserves.
Your bite disrupts and absorbs the magic of your enemies.
Potions cannot restore your health.


Message History

Your Armour skill increases to level 1!
Things that are here:
a +0 dagger; a +0 leather armour You closely miss something.
The orc priest completely misses you. Something hits you but does no damage.
You miss something. The orc priest barely misses you. Something hits you.
The orc priest begins to cast a cantrip, but forgets the words!
You closely miss the orc priest. You bite the orc priest. You drain its power.
You feel invigorated.
The orc priest is lightly wounded.
Something hits you.
The orc priest invokes the aid of Beogh against you.
Beogh smites you!
Ouch! That really hurt!
* * * LOW HITPOINT WARNING * * *
Something hits you but does no damage.
You closely miss the orc priest. You bite the orc priest. You drain its power.
You feel invigorated.
The orc priest is moderately wounded.
The orc priest hits you with a +0 hand axe.
* * * LOW HITPOINT WARNING * * *
Something hits you but does no damage.
You slash the orc priest! You bite the orc priest. You drain its power.
You feel invigorated.
The orc priest is almost dead.
The orc priest begins to cast a cantrip, but forgets the words!
Something hits you but does no damage.
You hit the orc priest but do no damage.
The orc priest is almost dead.
The orc priest mumbles some strange prayers to Beogh against you.
Beogh smites you!
* * * LOW HITPOINT WARNING * * *
Something hits you but does no damage.
The orc priest hits you but does no damage.
You barely miss the orc priest.
The orc priest is almost dead.
Something hits you.
* * * LOW HITPOINT WARNING * * *
The orc priest hits you with a +0 hand axe.
You die...

########## #o.......#
#@######.# #.# #.# #.#
#.# #.######.#
#......#o#
#############.#.#
#.<...........#.#
###############)#######
...............


You could see an orc priest.

Vanquished Creatures
  An orc wizard (D:2)
  An orc (D:2)
  2 ball pythons (D:1)
  2 endoplasms (D:1)
  2 giant cockroaches (D:1)
  A goblin (D:1)
  6 hobgoblins (D:1)
  2 quokkas (D:1)
  2 bats (D:1)
  A kobold (D:1)
  3 rats (D:1)
23 creatures vanquished.

Notes
Turn   | Place    | Note
-------+----------+-------------------------------------------
     0 | D:1      | Ivernyr the Vine Stalker Gladiator began the quest for the
                  | Orb.
     0 | D:1      | Reached XP level 1. HP: 11/11 MP: 2/2
   170 | D:1      | Reached XP level 2. HP: 6/15 MP: 0/3
   269 | D:1      | Reached skill level 3 in Long Blades
   625 | D:1      | Reached XP level 3. HP: 18/18 MP: 4/4
   818 | D:2      | Reached skill level 1 in Armour
   825 | D:2      | Slain by an orc priest

Illustrated notes

Levels and vault maps discovered:
D:1:      dpeg_arrival_shelter, layout_loops_cross
D:2:      layout_basic, basic_ecumenical_altar, serial_park_tiny_2

Skill      XL: |  1  2  3 |
---------------+----------+-----
Fighting       | 2 |  2.2
Long Blades    | 3 |  3.3
Armour         | 1 |  1.0
Throwing       | |  1.7
Dodging        | |  2.7

Action                     || total
---------------------------++-------
  Melee: Long sword        ||    59
         Bite              ||    13
         Punch             ||     1
   Stab: Sleeping          ||     2
 Armour: Leather armour    ||    47
  Dodge: Dodged            ||    33

Table legend: (Time is in decaauts)
 A = Elapsed time spent in this place.
 B = Non-inter-level travel time spent in this place.
 C = Inter-level travel time spent in this place.
 D = Time resting spent in this place.
 E = Time spent auto-exploring this place.
 F = Levels seen in this place.
 G = Mean time per level.
                   A        B        C        D        E       F      G
               +--------+--------+--------+--------+--------+-----+--------+
         Total |    839 |    830 |      9 |      0 |    652 |   2 |  419.5 |
       Dungeon |    839 |    830 |      9 |      0 |    652 |   2 |  419.5 |
               +--------+--------+--------+--------+--------+-----+--------+

Top non-repeatable levels by time:
     D:1: 762 daAuts
     D:2: 76 daAuts
